 Dungeon Crawl Stone Soup version 0.19.4 (webtiles) character file.

37085 HAWKINGL3623 the Spear-Bearer (level 13, -7/128 HPs)
             Began as a Centaur Chaos Knight on Jan 29, 2017.
             Mangled by a green ugly thing (15 damage)
             ... on level 14 of the Dungeon on Feb 4, 2017.
             The game lasted 02:31:58 (22656 turns).

HAWKINGL3623 the Spear-Bearer (CeCK)               Turns: 22656, Time: 02:31:58

Health: -7/128     AC: 15    Str: 27      XL:     13   Next: 56%
Magic:  17/17      EV: 10    Int:  4 (11) God:    Xom [...*..]
Gold:   786        SH: 13    Dex: 10 (13) Spells: 0 memorised, 18 levels left

rFire  . . .     SeeInvis .     a - +3 spear (chaos)
rCold  . . .     Gourm    .     b - +3 leather armour
rNeg   . . .     Faith    .     n - +3 shield {reflect}
rPois  .         Spirit   .     (helmet restricted)
rElec  +         Reflect  +     m - +2 cloak {+Inv}
rCorr  .         Harm     .     c - +0 pair of gloves
MR     .....                    (no barding)
Stlth  +++.......               H - amulet of rage
                                f - ring of stealth
                                z - +4 ring of strength

@: mighty, lethally poisoned (-7 -> -39), very quick
A: hooves 3, horns 2, rugged brown scales 3, agile 1, deformed body,
deterioration 2, speed 2, robust 1, electricity resistance, tough skin 3
a: Renounce Religion, Evoke Berserk Rage, Evoke Invisibility


You were on level 14 of the Dungeon.
You worshipped Xom.
You were a favourite toy of Xom.
You were very hungry.

You visited 2 branches of the dungeon, and saw 15 of its levels.
You visited 1 bazaar.
You also visited: Sewer.

You collected 936 gold pieces.
You spent 150 gold pieces at shops.

Inventory:

Hand Weapons
 a - a +3 spear of chaos (weapon)
 q - a +2 dagger of electrocution
Missiles
 r - 8 tomahawks
 s - 2 javelins
 y - 8 poisoned tomahawks
 G - 6 javelins of returning (quivered)
Armour
 b - a +3 leather armour (worn)
 c - a +0 pair of gloves (worn)
 m - a +2 cloak of invisibility (worn)
 n - a +3 shield of reflection (worn)
Jewellery
 f - a ring of stealth (right hand)
 z - a +4 ring of strength (left hand)
 H - an amulet of rage (around neck)
Wands
 e - a wand of flame (14/48)
 i - a wand of flame (18/48)
 j - a wand of teleportation (4/9)
 o - a wand of acid (7/15)
 A - a wand of iceblast (7/15)
 E - a wand of iceblast (6/15)
 J - a wand of polymorph (8/24)
 K - a wand of paralysis (3/24)
 M - a wand of random effects (25/48)
 N - a wand of iceblast (5/15)
 O - a wand of lightning (9/15)
Scrolls
 d - 3 scrolls of identify
 g - a scroll of amnesia
 k - a scroll of immolation
 v - 5 scrolls of remove curse
 x - a scroll of fog
 B - a scroll of recharging
 L - a scroll of teleportation
Potions
 h - 4 potions of brilliance
 t - a potion of might
 u - 2 potions of flight
 w - 5 potions of curing
Miscellaneous
 I - a crystal ball of energy
Comestibles
 l - 5 meat rations
 C - 8 fruits
 F - 6 slices of pizza


   Skills:
 + Level 8.9 Fighting
 + Level 1.9 Short Blades
 + Level 10.6 Polearms
 + Level 8.7 Throwing
 + Level 5.3 Armour
 + Level 6.0 Dodging
 + Level 6.1 Stealth
 + Level 3.7 Shields
 + Level 4.4 Unarmed Combat
 + Level 3.1 Spellcasting
 + Level 5.0 Evocations


You had 18 spell levels left.
You didn't know any spells.

Dungeon Overview and Level Annotations

Branches:
Dungeon (14/15)            Temple (1/1) D:6            Lair (0/6) D:10
    Orc (0/2) D:11
 Vaults: D:13-14

Altars:
Ashenzari
Cheibriados
Dithmenos
Elyvilon
Fedhas
Gozag
Hepliaklqana
Kikubaaqudgha
Makhleb
Nemelex Xobeh
Okawaru
Qazlal
Ru
Sif Muna
Trog
Uskayaw
Vehumet
Xom
Yredelemnul
Zin
The Shining One
Beogh

Shops:
D:7 =   D:8 (   D:12 }   D:13 !   D:14 }

Annotations:
D:7 cheese's ghost, novice FoFi


Innate Abilities, Weirdness & Mutations

You have hooves in place of feet.
Armour fits poorly on your strangely shaped body.
You cover ground very quickly.
You have extremely tough skin. (AC +3)
You have a pair of horns on your head.
You are completely covered in rugged brown scales. (AC +3, +7% HP)
You are agile. (Dex +2)
Your body often deteriorates upon taking damage.
You are robust. (+10% HP)
You are resistant to electric shocks. (rElec)


Message History

The green ugly thing poisons you!
Unknown command.
You feel better.
The green ugly thing basks in the mutagenic energy from its kin and changes!
You block the green ugly thing's attack.
The green ugly thing punches you!
* * * LOW HITPOINT WARNING * * *
The slime creature hits you.
* * * LOW HITPOINT WARNING * * *
You start eating one of the 5 meat rations.
The green ugly thing engulfs you.
Keep eating?
* * * LOW HITPOINT WARNING * * *
You are lethally poisoned!
The green ugly thing poisons you!
The slime creature hits you but does no damage.
The green ugly thing punches you but does no damage.
The green ugly thing engulfs you!
You die...
Xom cackles wildly!

##.###########.####### #......>.
#.# #.........<.# #.......# #.#
#.##..##.##.# #......## ##+##
#.##..##.##.# #......'. #...##
#.##.[...##.# ###...### .....##
#.##.##..##.# ##.###.## ......##
#.#..##..##.# #.## ##.#
.......###.....J...#.####.# #..
......u'......uu@.........## ##..
.......####....uu..#####>..###...
......## #..#.....# #.#[...#.#
.(...## #.##.....# #.###.##.#
#)..## #.######## #.###.##.#
##'## #.# #.....##.. ...######
#.# #.######.. #.......# #.#
#.######.# #..####.###.#
##.....)..#


You could see 4 ugly things and a slime creature.

Vanquished Creatures
  Erolcha (D:10)
  3 hill giants
  2 unseen horrors (D:14)
  An orc knight (D:14)
  A mana viper (shapeshifter) (D:10)
  2 ugly things
  2 deep elf magi
  2 cyclopes
  A manticore (D:13)
  The ghost of Aenea the Destroyer, a novice TeAE (D:6)
  Maurice (D:10)
  A gargoyle (D:14)
  A centaur skeleton (D:13)
  An efreet (D:12)
  2 tengu conjurers (D:14)
  A troll (D:12)
  A hornet (D:12)
  4 hippogriffs
  A hippogriff (shapeshifter) (D:12)
  9 yaks
  2 wyverns
  2 wraiths
  A vampire (D:12)
  A human (D:10)
  A spriggan (shapeshifter) (D:12)
  A wyvern (shapeshifter) (D:5)
  A fire bat (D:12)
  A basilisk (D:14)
  A hog (shapeshifter) (D:14)
  3 vampire mosquitoes (D:12)
  3 hungry ghosts
  2 soldier ants (D:13)
  A hornet zombie (D:7)
  An eye of draining (D:12)
  A meliai simulacrum (D:14)
  6 ice beasts
  5 sky beasts
  7 ogres
  14 orc warriors
  A slave (D:8)
  A phantom (D:7)
  3 necrophages
  A boggart (shapeshifter) (D:6)
  7 centaurs
  Blork the orc (D:4)
  13 bullfrogs
  2 gnoll sergeants
  2 wyvern zombies
  2 wyvern skeletons
  5 scorpions
  5 killer bees
  6 wights (D:9)
  6 crimson imps
  3 centaur zombies
  7 howler monkeys
  A quasit (D:12)
  2 bullfrog zombies (D:10)
  4 hounds
  2 jellies
  Crazy Yiuf (D:3)
  12 orc wizards
  6 orc priests
  Terence (D:3)
  A bullfrog skeleton (D:5)
  An iron imp (D:12)
  Jessica (D:2)
  Natasha (thrice) (D:3)
  3 iguanas
  7 worker ants
  2 hound zombies
  An adder (shapeshifter) (D:14)
  15 gnolls
  A howler monkey skeleton (D:10)
  20 adders
  A river rat (D:10)
  A shadow imp (D:12)
  An ooze (D:4)
  2 adder skeletons (D:7)
  5 worms
  3 dart slugs
  8 leopard geckos
  78 orcs
  11 bats
  11 giant cockroaches
  5 goblins
  13 hobgoblins
  9 jackals
  13 kobolds
  5 ball pythons
  8 frilled lizards
  A jackal skeleton (D:6)
  A jackal zombie (D:5)
  9 rats
426 creatures vanquished.

Vanquished Creatures (collateral kills)
  An ogre mage (D:14)
  A tengu warrior (D:14)
  Pikel (D:8)
  A hill giant (D:10)
  Grinder (D:5)
  A yak (D:12)
  A warg (D:14)
  3 orc warriors
  A slave (D:8)
  A centaur (D:14)
  A necrophage (D:6)
  An ogre (D:6)
  A gnoll sergeant (D:5)
  2 killer bees (D:8)
  2 howler monkeys (D:8)
  3 orc wizards
  An orc priest (D:10)
  4 worker ants
  2 gnolls (D:5)
  An adder (D:8)
  2 orcs (D:10)
32 creatures vanquished.

Vanquished Creatures (others)
  A dancing weapon (D:14)
  An ugly thing (D:14)
  A hornet (D:14)
  Sigmund (D:3)
  A yak (D:12)
  A hungry ghost (D:9)
  A vampire mosquito (D:12)
  An orc warrior (D:14)
  A slave (D:8)
  A scorpion (D:12)
  An adder (D:3)
  3 plants (D:6)
14 creatures vanquished.

Grand Total: 472 creatures vanquished

Notes
Turn   | Place    | Note
-------+----------+-------------------------------------------
     0 | D:1      | HAWKINGL3623 the Centaur Chaos Knight began the quest for the Orb.
     0 | D:1      | Reached XP level 1. HP: 19/19 MP: 1/1
   278 | D:1      | Reached XP level 2. HP: 21/26 MP: 2/2
   350 | D:1      | Reached skill level 3 in Polearms
   689 | D:1      | XOM: silly message
   974 | D:2      | XOM: divination: detect items
  1086 | D:2      | XOM: harmless Hex miscast
  1091 | D:2      | XOM: divination: magic mapping
  1116 | D:2      | Reached XP level 3. HP: 31/31 MP: 3/3
  1162 | D:2      | Noticed Jessica
  1174 | D:2      | Killed Jessica
  1174 | D:2      | Reached XP level 4. HP: 35/39 MP: 4/4
  1227 | D:2      | XOM: divination: detect creatures
  1230 | D:2      | XOM: silly message
  1270 | D:2      | Reached skill level 5 in Fighting
  1270 | D:2      | Reached skill level 4 in Polearms
  1270 | D:2      | Reached XP level 5. HP: 48/48 MP: 4/8
  1431 | D:2      | Found an opulent altar of Gozag.
  1654 | D:2      | XOM: give mutations
  1654 | D:2      | Gained mutation: Your system is resistant to poisons. (rPois) [Xom's grace]
  1654 | D:2      | Gained mutation: You have a pair of small horns on your head. [Xom's grace]
  1832 | D:3      | Noticed Natasha
  1839 | D:3      | Killed Natasha
  1922 | D:3      | Found a runed door.
  1998 | D:3      | XOM: confuse monster(s)
  2001 | D:3      | Reached skill level 5 in Polearms
  2005 | D:3      | XOM: scenery: create altars
  2034 | D:3      | Noticed Natasha
  2036 | D:3      | XOM: smoke on damage
  2046 | D:3      | Killed Natasha
  2069 | D:3      | Noticed Natasha
  2076 | D:3      | Killed Natasha
  2076 | D:3      | Reached XP level 6. HP: 41/56 MP: 9/9
  2079 | D:3      | Lost mutation: You have a pair of small horns on your head. [potion of cure mutation]
  2079 | D:3      | Lost mutation: Your system is resistant to poisons. (rPois) [potion of cure mutation]
  2281 | D:3      | Noticed Terence
  2310 | D:3      | XOM: fog
  2327 | D:3      | Killed Terence
  2370 | D:3      | Found a blossoming altar of Fedhas.
  2427 | D:3      | XOM: scenery: create altars
  2443 | D:3      | Noticed Sigmund
  2489 | D:3      | Killed Sigmund
  2489 | D:3      | XOM: destruction
  2571 | D:3      | XOM: confuse monster(s)
  2697 | D:3      | XOM: scenery: create altars
  2740 | D:3      | Upgraded the game from 0.19.3-4-gbf9329e to 0.19.4
  3159 | D:3      | Noticed Crazy Yiuf
  3169 | D:3      | XOM: cleaving
  3172 | D:3      | Killed Crazy Yiuf
  3277 | D:4      | Reached XP level 7. HP: 57/61 MP: 10/10
  3279 | D:4      | XOM: 2-stop teleportation journey
  3385 | D:4      | XOM: repel stairs
  3442 | D:4      | XOM: stat loss: -1 Int (10/11)
  3508 | D:4      | Found a glowing drain.
  3517 | Sewer    | Entered a sewer
  3777 | Sewer    | XOM: summons friendly crimson imp
  3879 | Sewer    | XOM: noise
  3982 | D:4      | XOM: medium Tloc miscast
  4103 | D:4      | XOM: divination: magic mapping
  4111 | D:4      | XOM: scenery: create altars
  4123 | D:4      | XOM: confusion (+ monsters)
  4139 | D:4      | Reached skill level 6 in Polearms
  4342 | D:4      | XOM: scenery: create altars
  4411 | D:4      | XOM: enchant monster (bad)
  4683 | D:4      | Noticed Blork the orc
  4693 | D:4      | XOM: cast spell 'Excruciating Wounds'
  4696 | D:4      | XOM: scenery: create altars
  4868 | D:4      | Reached XP level 8. HP: 70/70 MP: 11/11
  4874 | D:4      | XOM: cast spell 'Statue Form'
  5099 | D:4      | XOM: divination: detect creatures
  5102 | D:4      | XOM: mild Necr miscast
  5112 | D:4      | Killed Blork the orc
  5146 | D:4      | XOM: harmless Summ miscast
  5176 | D:4      | XOM: divination: detect items
  5547 | D:5      | Entered Level 5 of the Dungeon
  5586 | D:5      | Noticed Eustachio
  5587 | D:5      | XOM: cast spell 'Summon Butterflies'
  5591 | D:5      | Noticed Grinder
  5867 | D:5      | XOM: harmless Divn miscast
  5871 | D:5      | XOM: silly message
  5900 | D:5      | XOM: cast spell 'Call Canine Familiar'
  6020 | D:5      | XOM: cast spell 'Summon Small Mammal'
  6032 | D:5      | XOM: divination: detect creatures
  6079 | D:5      | XOM: potion effect (brilliance)
  6082 | D:5      | XOM: potion effect (heal wounds)
  6425 | D:5      | XOM: cast spell 'Excruciating Wounds'
  6508 | D:5      | Paralysed by Grinder for 2 turns
  6508 | D:5      | Killed Grinder
  6514 | D:5      | Reached skill level 5 in Throwing
  6532 | D:5      | XOM: scenery: 1 doors close
  6544 | D:5      | XOM: confuse monster(s)
  6583 | D:5      | Eustachio changed into Eustachio the wyvern
  6585 | D:5      | XOM: blink monster(s)
  6587 | D:5      | XOM: potion effect (berserk rage)
  6592 | D:5      | Gained mutation: You are frail. (-10% HP) [mutagenic meat]
  6593 | D:5      | Gained mutation: You have a pair of small horns on your head. [mutagenic meat]
  6603 | D:5      | XOM: cast spell 'Chain of Chaos'
  6918 | D:5      | XOM: give mutations
  6918 | D:5      | Gained mutation: You evolve. [Xom's grace]
  6918 | D:5      | Gained mutation: Your flesh is cold resistant. (rC+) [Xom's grace]
  7280 | D:6      | Found a staircase to the Ecumenical Temple.
  7293 | Temple   | Entered the Ecumenical Temple
  7614 | D:6      | XOM: summons 4 friendly demons
  7659 | D:6      | Reached XP level 9. HP: 51/67 MP: 12/12
  7700 | D:6      | XOM: medium Fire miscast
  7956 | D:6      | Noticed Aenea's ghost (novice TeAE)
  7957 | D:6      | XOM: cast spell 'Statue Form'
  7971 | D:6      | Killed Aenea's ghost
  7971 | D:6      | Reached skill level 7 in Polearms
  8026 | D:6      | XOM: polymorph centaur -> boggart
  8035 | D:6      | XOM: blink monster(s)
  8287 | D:6      | XOM: cast spell 'Hydra Form'
  8662 | D:6      | Gained mutation: You have a pair of horns on your head. [evolution]
  8743 | D:6      | XOM: cast spell 'Spider Form'
  8759 | D:6      | XOM: scenery: 1 doors close
  8781 | D:7      | XOM: god gift: 8 needles of sleeping
  8817 | D:7      | Noticed cheese's ghost (novice FoFi)
  8938 | D:7      | XOM: divination: magic mapping
  8976 | D:7      | Found Posief's Jewellery Boutique.
  8989 | D:7      | Gained mutation: You are agile. (Dex +2) [potion of mutation]
  8989 | D:7      | Lost mutation: You are frail. (-10% HP) [potion of mutation]
  8989 | D:7      | Gained mutation: Your magical capacity is low. (-10% MP) [potion of mutation]
  9074 | D:7      | XOM: 7-stop teleportation journey
  9106 | D:7      | Found a shimmering altar of Xom.
  9108 | D:7      | Found a hide-covered altar of Uskayaw.
  9229 | D:7      | XOM: summons friendly shadow imp
  9238 | D:7      | XOM: god gift: curved glowing staff {god gift}
  9245 | D:7      | XOM: summons 7 friendly demons
  9251 | D:7      | XOM: fake destruction
  9316 | D:7      | Gained mutation: Your body sometimes deteriorates upon taking damage. [potion of mutation]
  9316 | D:7      | Gained mutation: You are dopey. (Int -2) [potion of mutation]
  9316 | D:7      | Gained mutation: You are partially covered in rugged brown scales. (AC +1, +3% HP) [potion of mutation]
  9551 | D:6      | XOM: cloud trail
  9737 | D:7      | XOM: 1-stop teleportation journey
  9882 | D:7      | XOM: confuse monster(s)
 10418 | D:7      | XOM: god gift: club {god gift}
 10599 | D:8      | Noticed Pikel
 10629 | D:8      | Killed Pikel
 10629 | D:8      | Reached skill level 8 in Polearms
 10629 | D:8      | Reached XP level 10. HP: 78/86 MP: 12/12
 10635 | D:8      | Gained mutation: You are very agile. (Dex +4) [evolution]
 10757 | D:8      | Found a glowing golden altar of the Shining One.
 10948 | D:8      | Found Lunnoto's Weapon Emporium.
 11180 | D:9      | XOM: give mutations
 11180 | D:9      | Gained mutation: You have a pair of large horns on your head. [Xom's grace]
 11180 | D:9      | Gained mutation: Your muscles are strong. (Str +2) [Xom's grace]
 11180 | D:9      | Gained mutation: You are robust. (+10% HP) [Xom's grace]
 11266 | D:9      | XOM: divine lightning
 11388 | D:9      | XOM: medium Ice miscast
 11574 | D:9      | XOM: silly message
 11928 | D:8      | XOM: medium Tmut miscast
 12097 | D:8      | XOM: give mutations
 12097 | D:8      | Lost mutation: You evolve. [Xom's mischief]
 12097 | D:8      | Lost mutation: Your flesh is cold resistant. (rC+) [Xom's mischief]
 12121 | D:9      | XOM: cleaving
 12126 | D:9      | XOM: harmless Necr miscast
 12547 | D:9      | Lost mutation: You are dopey. (Int -2) [mutagenic meat]
 12548 | D:9      | Lost mutation: Your muscles are strong. (Str +2) [mutagenic meat]
 12549 | D:9      | Lost mutation: You are robust. (+10% HP) [mutagenic meat]
 12550 | D:9      | Gained mutation: Your body often deteriorates upon taking damage. [mutagenic meat]
 12686 | D:9      | XOM: polymorph orc wizard -> worm
 12701 | D:9      | XOM: 4-stop teleportation journey
 12926 | D:9      | XOM: give mutations
 12926 | D:9      | Gained mutation: You possess an exceptional clarity of mind. [Xom's mischief]
 12926 | D:9      | Gained mutation: You passively map a small area around you. [Xom's mischief]
 12926 | D:9      | Lost mutation: You are very agile. (Dex +4) [Xom's mischief]
 12930 | D:9      | XOM: smoke on damage
 12972 | D:9      | Found a glowing golden altar of the Shining One.
 12975 | D:9      | XOM: draining
 13004 | D:9      | XOM: fake destruction
 13247 | D:10     | Entered Level 10 of the Dungeon
 13263 | D:10     | XOM: confuse monster(s)
 13278 | D:10     | Reached skill level 1 in Shields
 13282 | D:10     | Gained mutation: You are mostly covered in rugged brown scales. (AC +2, +5% HP) [mutagenic meat]
 13285 | D:10     | Noticed Maurice
 13334 | D:10     | XOM: confuse monster(s)
 13353 | D:10     | Killed Maurice
 13441 | D:10     | Noticed a hill giant
 13452 | D:10     | Killed a hill giant
 13513 | D:10     | Found a staircase to the Lair.
 13589 | D:10     | XOM: harmless Tloc miscast
 13795 | D:10     | XOM: 5-stop teleportation journey
 13809 | D:10     | Noticed Erolcha
 13809 | D:10     | XOM: fog
 13810 | D:10     | XOM: enchant monster (good)
 13952 | D:10     | XOM: summons 1 hostile demon
 13958 | D:10     | XOM: destruction
 13979 | D:10     | Reached XP level 11. HP: 96/96 MP: 13/13
 13981 | D:10     | XOM: cleaving
 14000 | D:10     | XOM: harmless Hex miscast
 14338 | D:10     | Killed Erolcha
 14338 | D:10     | Reached skill level 9 in Polearms
 14435 | D:10     | XOM: harmless Summ miscast
 14460 | D:10     | Noticed a harpy
 14460 | D:10     | a troll changed into a harpy
 14463 | D:10     | Noticed a mana viper
 14463 | D:10     | a harpy changed into a mana viper
 14468 | D:10     | Killed a mana viper
 14747 | D:11     | XOM: noise
 14752 | D:11     | Noticed a hill giant
 14755 | D:11     | XOM: noise
 14755 | D:11     | XOM: smoke on damage
 14761 | D:11     | XOM: summons friendly crimson imp
 14775 | D:11     | XOM: summons 3 friendly demons
 15295 | D:11     | Reached skill level 5 in Dodging
 15506 | D:11     | Killed a hill giant
 15552 | D:11     | XOM: scenery: create altars
 15558 | D:11     | Noticed a hill giant
 15646 | D:11     | Found a staircase to the Orcish Mines.
 15655 | D:11     | XOM: enchant monster (good)
 15737 | D:11     | XOM: chaos upgrade
 15763 | D:11     | XOM: noise
 15773 | D:11     | XOM: noise
 15790 | D:11     | Killed a hill giant
 16105 | D:11     | Found a roughly hewn altar of Beogh.
 16279 | D:11     | Noticed a hill giant
 16384 | D:12     | Lost mutation: You possess an exceptional clarity of mind. [mutagenic glow]
 16751 | D:12     | XOM: harmless Conj miscast
 16894 | D:12     | Noticed an orb spider
 16903 | D:12     | XOM: medium Fire miscast
 16905 | D:12     | Noticed a hill giant
 16911 | D:12     | an orb spider changed into a hippogriff
 16922 | D:12     | Gained mutation: You are robust. (+10% HP) [mutagenic meat]
 16924 | D:12     | Lost mutation: You passively map a small area around you. [mutagenic meat]
 17021 | D:12     | XOM: divine lightning (protected)
 17030 | D:12     | Killed a hill giant
 17061 | D:12     | XOM: polymorph ogre -> fire bat
 17107 | D:12     | Paralysed by a hornet for 2 turns
 17123 | D:12     | XOM: scenery: create altars
 17125 | D:12     | XOM: fake destruction
 17131 | D:12     | XOM: enchant monster (good)
 17618 | D:12     | Reached skill level 5 in Stealth
 17621 | D:12     | XOM: polymorph yak -> troll
 17630 | D:12     | XOM: summons friendly quasit
 17665 | D:12     | XOM: destruction
 17776 | D:12     | XOM: cleaving
 17797 | D:12     | XOM: 1-stop teleportation journey
 17810 | D:12     | XOM: polymorph yak -> shapeshifter
 17826 | D:12     | XOM: blink monster(s)
 17873 | D:12     | Reached XP level 12. HP: 92/116 MP: 14/14
 18003 | D:12     | XOM: 4-stop teleportation journey
 18027 | D:12     | XOM: harmless Fire miscast
 18104 | D:12     | XOM: potion effect (experience)
 18104 | D:12     | Reached skill level 1 in Short Blades
 18104 | D:12     | Reached skill level 5 in Armour
 18104 | D:12     | Reached XP level 13. HP: 124/124 MP: 14/16
 18113 | D:12     | Reached skill level 10 in Polearms
 18222 | D:12     | XOM: noise
 18285 | D:12     | XOM: god gift: 29 gold pieces
 18422 | D:12     | XOM: give mutations
 18422 | D:12     | Gained mutation: You are completely covered in rugged brown scales. (AC +3, +7% HP) [Xom's grace]
 18422 | D:12     | Gained mutation: Your mind is acute. (Int +2) [Xom's grace]
 18455 | D:12     | XOM: confuse monster(s)
 18688 | D:12     | Found Cekkox's Gadget Emporium.
 18733 | D:12     | XOM: god gift: 6 javelins of returning
 18809 | D:12     | XOM: medium Tmut miscast
 18868 | D:13     | Found Udweudgh's Distillery.
 18875 | D:13     | Bought a potion of heal wounds for 75 gold pieces
 18875 | D:13     | Bought a potion of curing for 45 gold pieces
 18988 | D:13     | XOM: noise
 19002 | D:13     | XOM: noise
 19084 | D:13     | XOM: give mutation
 19084 | D:13     | Lost mutation: You have a pair of large horns on your head. [Xom's mischief]
 19368 | D:13     | XOM: harmless Ice miscast
 19386 | D:13     | Gained mutation: You are resistant to electric shocks. (rElec) [mutagenic meat]
 19387 | D:13     | Lost mutation: Your magical capacity is low. (-10% MP) [mutagenic meat]
 19455 | D:13     | XOM: noise
 19683 | D:14     | XOM: smoke on damage
 19897 | D:13     | XOM: enchant monster (good)
 20327 | D:14     | XOM: harmless Conj miscast
 20463 | D:14     | XOM: 1-stop teleportation journey
 20775 | D:14     | XOM: god gift: bloodstained longbow {god gift}
 20776 | D:14     | Got a bloodstained longbow {god gift}
 20777 | D:14     | Identified the +0 longbow "Spiderslayer" {chaos, Int-5 Dex+7} (Xom gifted it to you on level 14 of the Dungeon)
 20794 | D:14     | XOM: 1-stop teleportation journey
 20894 | D:14     | XOM: mild Fire miscast
 20971 | D:14     | XOM: cleaving
 21189 | D:14     | Found a gateway to a bazaar.
 21195 | Bazaar   | Entered a bazaar
 21195 | Bazaar   | Found Puem's General Store.
 21199 | Bazaar   | Bought a scroll of teleportation for 30 gold pieces
 21202 | Bazaar   | Found Azijiry's Magic Scroll Shoppe.
 21210 | Bazaar   | Found Liedi's Jewellery Shoppe.
 21221 | Bazaar   | Found Veuhiet's Antique Weapon Boutique.
 21232 | Bazaar   | Found Kifer's Antique Armour Emporium.
 21282 | D:14     | XOM: harmless Hex miscast
 21328 | D:14     | Lost mutation: Your mind is acute. (Int +2) [mutagenic meat]
 21329 | D:14     | Gained mutation: Your spells are a little harder to cast, but a little more powerful. [mutagenic meat]
 21331 | D:14     | Gained mutation: You are weak. (Str -2) [mutagenic meat]
 21359 | D:14     | XOM: cast spell 'Necromutation'
 21560 | D:14     | XOM: 1-stop teleportation journey
 21655 | D:14     | Found Weatis's Quality Used Wands.
 21776 | D:14     | XOM: fog
 21917 | D:14     | XOM: give mutations
 21917 | D:14     | Lost mutation: You are weak. (Str -2) [Xom's mischief]
 21917 | D:14     | Lost mutation: Your spells are a little harder to cast, but a little more powerful. [Xom's mischief]
 22176 | D:14     | XOM: summons friendly crimson imp
 22198 | D:14     | XOM: summons friendly ufetubus
 22211 | D:14     | XOM: cast spell 'Summon Mana Viper'
 22234 | D:14     | Reached skill level 5 in Evocations
 22274 | D:14     | XOM: cast spell 'Statue Form'
 22278 | D:14     | XOM: harmless Tmut miscast
 22304 | D:14     | XOM: cast spell 'Leda's Liquefaction'
 22306 | D:14     | XOM: enchant monster (good)
 22309 | D:14     | Paralysed by an ogre mage for 6 turns
 22310 | D:14     | XOM: cast spell 'Summon Mana Viper'
 22327 | D:14     | XOM: mild Summ miscast
 22551 | D:14     | XOM: mild Pois miscast
 22576 | D:14     | XOM: medium Conj miscast
 22656 | D:14     | Mangled by a green ugly thing

Skill      XL: |  1  2  3  4  5  6  7  8  9 10 11 12 13 |
---------------+----------------------------------------+-----
Polearms       | 3 4 5 6 8 9 10 | 10.6
Fighting       | 5 6 7 8 |  8.9
Throwing       | 4 5 6 7 8 |  8.7
Armour         | 3 4 5 |  5.3
Dodging        | 2 3 4 5 6 |  6.0
Stealth        | 2 3 5 6 |  6.1
Unarmed Combat | 3 4 |  4.4
Spellcasting   | 2 3 |  3.1
Evocations     | 3 4 5 |  5.0
Shields        | 1 2 3 |  3.7
Short Blades   | 1 |  1.9

Action                   |  1- 3 |  4- 6 |  7- 9 | 10-12 | 13-15 || total
-------------------------+-------+-------+-------+-------+-------++-------
Melee: Spear             |    75 |   178 |   650 |   796 |   387 ||  2086
       Kick              |    11 |    19 |   122 |   215 |   125 ||   492
       Headbutt          |       |     3 |    45 |   130 |    74 ||   252
       Punch             |       |     2 |     6 |     1 |       ||     9
       Dagger            |       |       |     5 |       |     7 ||    12
       Unarmed           |       |       |     8 |       |       ||     8
Throw: Javelin           |    12 |    14 |    10 |     1 |     7 ||    44
       Tomahawk          |       |       |    45 |    83 |    37 ||   165
 Abil: Evoke Invisibilit |       |       |       |     7 |       ||     7
       Evoke Berserk Rag |       |       |       |     1 |       ||     1
Evoke: Wand              |       |       |     2 |       |    14 ||    16
  Use: Scroll            |     3 |     6 |    14 |    11 |     9 ||    43
       Potion            |     2 |     5 |     5 |     3 |     7 ||    22
 Stab: Sleeping          |       |     4 |     5 |     6 |     3 ||    18
       Confused          |       |     1 |     1 |     4 |     1 ||     7
       Distracted        |       |       |     1 |     2 |     2 ||     5
       Paralysed         |       |       |     3 |     9 |    11 ||    23
       Petrifying        |       |       |     2 |     1 |     2 ||     5
       Petrified         |       |       |       |     6 |    10 ||    16
       Invisible         |       |       |       |     6 |       ||     6
  Eat: Chunk             |       |     3 |    16 |    27 |    15 ||    61
       Beef jerky        |       |     1 |       |     3 |     2 ||     6
       Bread ration      |       |     1 |       |     1 |       ||     2
       Fruit             |       |       |     3 |       |       ||     3
       Pizza             |       |       |       |     3 |     1 ||     4
Armor: Leather armour    |    29 |    41 |   233 |   138 |   107 ||   548
       Skin              |       |    12 |    18 |    10 |     6 ||    46
Dodge: Dodged            |    24 |    43 |   268 |   106 |    58 ||   499
Block: Shield            |       |       |       |   192 |    99 ||   291
       Reflection        |       |       |       |     3 |     9 ||    12
